 Dungeon Crawl Stone Soup version 0.23.2-40-g277498a001 (webtiles) character file.

Game seed: 41349081870463598

637 BeastOfSaturn the Covered (level 7, -1/57 HPs)
             Began as a Minotaur Abyssal Knight on Oct 6, 2019.
             Was an Initiate of Ru.
             Killed from afar by a wretched star (2 damage)
             ... with an orb of energy
             ... created by the touch of Lugonu
             ... on level 4 of the Dungeon on Oct 7, 2019.
             The game lasted 00:28:51 (4627 turns).

BeastOfSaturn the Covered (Minotaur Abyssal Knight) Turns: 4627, Time: 00:28:52

Health: -1/57      AC: 13    Str: 18    XL:     7   Next: 25%
Magic:  7/7        EV:  8    Int:  9    God:    Ru [......]
Gold:   184        SH:  0    Dex:  6    Spells: 6/6 levels left

rFire    . . .     SeeInvis .   A - +1 hand axe (elec)
rCold    + . .     Gourm    .   (no shield)
rNeg     . . .     Faith    .   n - +0 chain mail
rPois    .         Spirit   .   (helmet restricted)
rElec    .         Reflect  .   (no cloak)
rCorr    .         Harm     .   (no gloves)
MR       .....                  u - +2 pair of boots {run}
Stlth    ..........             (no amulet)
HPRegen  0.00/turn              y - ring of protection from cold
MPRegen  0.10/turn              (no ring)

@: quick
A: retaliatory headbutt, horns 2, [blurry vision 2], [clumsy 2], [screaming 2],
[inhibited regeneration], [subdued magic 2]
a: Renounce Religion


You were on level 4 of the Dungeon.
You worshipped Ru.
Ru was noncommittal.
You were not hungry.

You visited 2 branches of the dungeon, and saw 5 of its levels.
You visited the Abyss 1 time.

You collected 184 gold pieces.

Inventory:

Hand Weapons
 a - a +1 spear
 f - a +0 whip
 h - a +1 vampiric dagger
 v - a +1 vampiric hand axe
 A - a +1 hand axe of electrocution (weapon)
Missiles
 l - 177 stones (quivered)
 m - 6 sling bullets
 w - 9 tomahawks
Armour
 b - a +0 leather armour
 n - a +0 chain mail (worn)
 u - a +2 pair of boots of running (worn)
Jewellery
 y - a ring of protection from cold (left hand)
Wands
 t - a wand of clouds (7)
Scrolls
 d - a scroll of random uselessness
 e - a scroll of fear
 g - a scroll of noise
 i - 3 scrolls of enchant armour
 q - a scroll of identify {unknown}
 s - a scroll of remove curse
Potions
 j - 2 potions of might {unknown}
 k - 2 potions of degeneration {unknown}
 o - a potion of agility {unknown}
 p - 2 potions of ambrosia {unknown}
 r - 2 potions of haste {unknown}
 x - a potion of heal wounds {unknown}
 z - a potion of curing {unknown}
 B - a potion of lignification {unknown}
Comestibles
 c - 7 rations
 C - a chunk of flesh


   Skills:
 - Level 3.6 Fighting
 * Level 3.9(5.0) Axes
 - Level 3.3(4.2) Maces & Flails
 - Level 3.1(4.1) Polearms
 * Level 7.0 Armour
 + Level 2.4 Dodging
 + Level 0.5 Stealth
   Level 2.1 Invocations


You had 6 spell levels left.
You didn't know any spells.
Your spell library was empty.

Dungeon Overview and Level Annotations

Branches:
Dungeon (4/15)             Temple (1/1) D:4

Altars:
Dithmenos
Fedhas
Gozag
Kikubaaqudgha
Makhleb
Nemelex Xobeh
Okawaru
Qazlal
Ru
Sif Muna
Uskayaw
Wu Jian
Xom
The Shining One

Shops:
D:4 (


Innate Abilities, Weirdness & Mutations

You reflexively headbutt those who attack you in melee.
You have a pair of horns on your head.
[Scrolls take you longer to read.]
[You are very clumsy. (Dex -4)]
[You sometimes yell uncontrollably at your foes.]
[You do not regenerate when monsters are visible.]
[Your spells are easier to cast, but less powerful.]


Message History

Your connection to magic feels subdued.
Your connection to magic feels more subdued.
You bump into the rock wall.
The wretched star glows turbulently.
The orb of energy hits you.
The orb of energy explodes!
You bump into the rock wall.
You feel less confused.
The wretched star pulses with an eldritch light!
You feel clumsy. x2; Your regeneration stops near monsters.
The wretched star glows turbulently.
The orb of energy hits you!
The wretched star pulses with an eldritch light!
Your vision blurs. x2; You feel the urge to shout.
You feel a strong urge to yell.
The wretched star glows turbulently.
The orb of energy hits you!!
* * * LOW HITPOINT WARNING * * *
The wretched star glows turbulently.
The orb of energy hits you.
You die...

#......# #.####.# ############
#### ########.# #.# #..........#
...###.....##.# #.# #.########.#
#..........##.####.###.#.........
#..........##................##.#
#......###########.###.##.##..#.#
##.###############.###.##.##..#.#
#.>............@....#.##.##..#♣#
#..#########.####.#..........#..
#..#......##.# #............♣∩♣
##..#......##.# ###...##.#...#..
...........##.# ##*.##.#...#♣.
##.......####.# #..##.##.##..
#.......# #.# #..##.#......
#.......# #.# #..##.#####..
#.......# #.# #...#.#......


You could see a wretched star.

Vanquished Creatures
  Duvessa (D:4)
  An ogre (D:4)
  Dowan (D:4)
  A scorpion (D:4)
  A hound (D:4)
  3 orc priests
  Ijyb (D:2)
  An orc wizard (D:4)
  A worker ant (D:4)
  2 hound skeletons
  2 adders
  3 gnolls (D:3)
  An ooze (D:2)
  2 worms
  2 dart slugs
  A leopard gecko (D:3)
  8 orcs
  9 bats
  4 giant cockroaches
  5 hobgoblins
  2 jackals (D:4)
  6 kobolds
  A quokka (D:3)
  3 ball pythons
  3 frilled lizards
  4 goblins
  9 rats
78 creatures vanquished.

Notes
Turn   | Place    | Note
-------+----------+-------------------------------------------
     0 | Abyss:1  | BeastOfSaturn the Minotaur Abyssal Knight began the quest
                  | for the Orb.
     0 | Abyss:1  | Reached XP level 1. HP: 19/19 MP: 1/1
    19 | Abyss:1  | Found a corrupted altar of Lugonu.
    39 | Abyss:1  | Noticed a catoblepas skeleton
    52 | D:1      | Escaped the Abyss
   387 | D:1      | Reached XP level 2. HP: 19/26 MP: 2/2
   553 | D:1      | Reached skill level 1 in Maces & Flails
  1035 | D:2      | Reached ** piety under Lugonu
  1154 | D:2      | Reached skill level 3 in Armour
  1195 | D:2      | Reached XP level 3. HP: 31/31 MP: 3/3
  1329 | D:2      | Found a sparkling altar of Nemelex Xobeh.
  2014 | D:3      | Noticed Ijyb
  2048 | D:2      | Killed Ijyb
  2048 | D:2      | Reached XP level 4. HP: 29/39 MP: 4/4
  2816 | D:3      | Reached skill level 4 in Armour
  2871 | D:3      | Identified a +1 pair of boots of running (You found it on
                  | level 3 of the Dungeon)
  2893 | D:3      | Reached XP level 5. HP: 40/45 MP: 5/5
  3328 | D:4      | Reached *** piety under Lugonu
  3328 | D:4      | Reached skill level 1 in Axes
  3328 | D:4      | Reached skill level 5 in Armour
  3334 | D:3      | Reached XP level 6. HP: 13/51 MP: 6/6
  3713 | D:4      | Found a staircase to the Ecumenical Temple.
  3726 | Temple   | Entered the Ecumenical Temple
  4022 | Temple   | Fell from the grace of Lugonu
  4022 | Temple   | Became a worshipper of Ru the Awakened
  4112 | D:4      | Noticed Duvessa
  4112 | D:4      | Noticed Dowan
  4122 | D:4      | Killed Duvessa
  4122 | D:4      | Reached skill level 6 in Armour
  4123 | D:4      | Killed Dowan
  4136 | D:4      | Found Witen's Antique Weapon Emporium.
  4240 | D:4      | Reached XP level 7. HP: 56/57 MP: 7/7
  4457 | D:4      | Reached skill level 7 in Armour
  4613 | D:4      | Noticed a wretched star
  4623 | D:4      | HP: 1/57 [wretched star/orb of energy[the touch of Lugonu]
                  | (23)]
  4627 | D:4      | Killed from afar by a wretched star

Skill      XL: |  1  2  3  4  5  6  7 |
---------------+----------------------+-----
Polearms       | 3 |  3.1
Maces & Flails | 1 2 3 |  3.3
Armour         | 3 4 5 6 7 |  7.0
Invocations    | 2 |  2.1
Dodging        | 2 |  2.4
Axes           | 1 3 |  3.9
Fighting       | |  3.6
Stealth        | |  0.5

Action                   |  1- 3 |  4- 6 |  7- 9 || total
-------------------------+-------+-------+-------++-------
Melee: Spear             |    12 |       |       ||    12
       Whip              |    79 |    80 |       ||   159
       Headbutt          |    16 |    17 |       ||    33
       Hand axe          |       |    51 |    16 ||    67
  Use: Scroll            |       |     5 |       ||     5
  Eat: Chunk             |     1 |     2 |       ||     3
       Ration            |     1 |     2 |       ||     3
Armor: Leather armour    |    13 |       |       ||    13
       Chain mail        |    32 |    94 |     6 ||   132
Dodge: Dodged            |    40 |    72 |     9 ||   121
